 Dungeon Crawl Stone Soup version 0.30.1-9-gdf580d7c3d (webtiles) character file.

Game seed: 2793456919208496297

98 Ijustatesigmund the Digger (level 4, 0/27 HPs)
             Began as a Gargoyle Earth Elementalist on Oct 12, 2023.
             Shot with an arrow by a centaur (11 damage)
             ... on level 3 of the Dungeon.
             The game lasted 00:02:54 (2610 turns).

Ijustatesigmund the Digger (GrEE)                   Turns: 2610, Time: 00:02:56

Health: 0/27       AC:  5    Str: 11    XL:     4   Next: 71%
Magic:  5/8        EV: 11    Int: 18    God:
Gold:   142        SH:  0    Dex: 10    Spells: 8/9 levels left

rFire   . . .        c - +0 quarterstaff
rCold   . . .        (shield currently unavailable)
rNeg    + . .        a - +0 robe
rPois   ∞            (no helmet)
rElec   +            (no cloak)
rCorr   +            (no gloves)
SInv    .            (no boots)
Will    .....        (no amulet)
Stlth   ++           k - ring of resist corrosion
HPRegen 0.24/turn    n - ring of flight
MPRegen 0.11/turn

%: no passive effects
@: flying
A: sickness immunity, AC +3, negative energy resistance 1, electricity
resistance, torment resistance 1, petrification resistance
a: no special abilities


You were on level 3 of the Dungeon.
You visited 1 branch of the dungeon, and saw 3 of its levels.

You collected 142 gold pieces.

Inventory:

Hand Weapons
 c - a +0 quarterstaff (weapon)
Armour
 a - a +0 robe (worn)
Jewellery
 k - a ring of resist corrosion (left hand)
 n - a ring of flight (right hand)
Scrolls
 e - a scroll of blinking {unknown}
 f - a scroll of poison {unknown}
 g - a scroll of fear {unknown}
 h - a scroll of identify {unknown}
 i - 2 scrolls of teleportation {unknown}
 j - a scroll of fog {unknown}
 m - 2 scrolls of magic mapping {unknown}
Potions
 b - a potion of magic
 d - 2 potions of heal wounds {unknown}
 l - a potion of attraction {unknown}


   Skills:
 + Level 2.4 Fighting
 - Level 1.5 Dodging
 - Level 2.1 Stealth
 + Level 3.0 Spellcasting
 - Level 0.7 Transmutations
 + Level 4.7 Earth Magic


You had 8 spell levels left.
You knew the following spells:

 Your Spells              Type           Power      Damage    Failure   Level
a - Sandblast             Erth           38%        2d10      2%          1

Your spell library contained the following spells:

 Spells                   Type           Power      Damage    Failure   Level
 Passwall                 Tmut/Erth      10%        N/A       9%          2
 Stone Arrow              Conj/Erth      22%        3d8       19%         3
 Petrify                  Tmut/Erth      12%        N/A       47%         4


Dungeon Overview and Level Annotations

Branches:
Dungeon (3/15)

Altars:
Xom


Innate Abilities, Weirdness & Mutations

You are immune to sickness and miasma.
Your stone body is resilient. (AC +3)
You are immune to poison.
You resist negative energy. (rN+)
You are resistant to electric shocks. (rElec)
You are resistant to unholy torment.
You are immune to petrification.


Message History

The centaur shoots an arrow.
The arrow hits you!
There is a stone staircase leading up here.
The centaur shoots an arrow.
The arrow misses you.
You fly upwards.
There is a stone staircase leading down here.
You start resting.
HP restored.
You start waiting.
Done waiting.
You start waiting.
Done waiting.
You fly downwards.
The centaur shoots an arrow.
The arrow hits you but does no damage.
The centaur shoots an arrow.
The arrow hits you.
There is a stone staircase leading up here.
Casting: Sandblast (safe; 2% risk of failure)
Confirm with . or Enter, or press ? or * to list all spells.
Aiming: Sandblast (safe; 2% risk of failure)
Press: ? - help, Shift-Dir - straight line, f - centaur
Aim: a centaur, wielding a +0 shortbow (89% to hit)
The blast of sand hits the centaur.
The centaur is moderately wounded.
Casting: Sandblast (safe; 2% risk of failure)
Confirm with . or Enter, or press ? or * to list all spells.
Aiming: Sandblast (safe; 2% risk of failure)
Press: ? - help, Shift-Dir - straight line, f/p - centaur
Aim: a centaur, wielding a +0 shortbow (moderately wounded, 89% to hit)
The blast of sand hits the centaur.
The centaur is heavily wounded.
The centaur shoots an arrow.
The arrow hits you.
The centaur shoots an arrow.
The arrow hits you!
The centaur shoots an arrow.
The arrow hits you.
Casting: Sandblast (safe; 2% risk of failure)
Confirm with . or Enter, or press ? or * to list all spells.
Aiming: Sandblast (safe; 2% risk of failure)
Press: ? - help, Shift-Dir - straight line, f/p - centaur
Aim: a centaur, wielding a +0 shortbow (heavily wounded, 89% to hit)
The blast of sand hits the centaur.
The centaur is severely wounded.
The centaur shoots an arrow.
The arrow hits you!
You die...

#########
........
......# #.....#
#.c...# #.....#
#.@...#
#......#
........#
.............
....w..........
#.....#.##.....
#.....#.# .....
......#.# .....


You could see a centaur and a dart slug.

Vanquished Creatures
  An adder (D:2)
  4 gnolls (D:2)
  2 dart slugs
  2 ball pythons
  2 endoplasms
  A giant cockroach (D:1)
  9 hobgoblins
  2 jackals (D:1)
  7 kobolds
  3 quokkas
  A bat (D:1)
  A frilled lizard (D:1)
  4 goblins
  5 rats
44 creatures vanquished.

Notes
Turn   | Place    | Note
-------+----------+-------------------------------------------
     0 | D:1      | Ijustatesigmund the Gargoyle Earth Elementalist began the
                  | quest for the Orb.
     0 | D:1      | Reached XP level 1. HP: 10/10 MP: 3/3
   238 | D:1      | Reached XP level 2. HP: 15/16 MP: 3/5
   324 | D:1      | Reached skill level 1 in Fighting
   385 | D:1      | Reached skill level 4 in Earth Magic
   533 | D:1      | Found a faded altar of an unknown god.
   665 | D:1      | Reached XP level 3. HP: 20/20 MP: 3/6
  1185 | D:2      | Reached XP level 4. HP: 26/26 MP: 2/8
  1469 | D:2      | Found a shimmering altar of Xom.
  2182 | D:3      | Noticed a centaur
  2610 | D:3      | Shot with an arrow by a centaur

Illustrated notes

Levels and vault maps discovered:
D:1:      dpeg_arrival_castle, layout_loops_ring,
          shapermc_ecumenical_altar_pompeii
D:2:      layout_basic, basic_altar, minmay_unequal
D:3:      kennysheep_the_goblin_king, layout_rooms, nemelex_dance_club_becter,
          chequers_serial_rivers_large_a, chequers_serial_rivers_micro_e,
          chequers_serial_rivers_small_b

Skill      XL: |  1  2  3  4 |
---------------+-------------+-----
Fighting       | 1 2 |  2.4
Earth Magic    | 4 |  4.7
Spellcasting   | 3 |  3.0
Dodging        | |  1.5
Stealth        | |  2.1
Transmutations | |  0.7

Action                     |  1- 3 |  4- 6 || total
---------------------------+-------+-------++-------
  Melee: Quarterstaff      |    16 |       ||    16
   Cast: Sandblast         |    42 |    21 ||    63
 Armour: Robe              |    12 |     1 ||    13
  Dodge: Dodged            |    15 |     3 ||    18
